 Dungeon Crawl Stone Soup version 0.31-a0-185-g9dded2c639 (webtiles) character file.

Game seed: 7957993366621387001

53 qw the Shooter (level 3, -3/20 HPs)
             Began as a Deep Elf Hunter on June 22, 2023.
             Slain by a kobold
             ... wielding the +5 quarterstaff of Uncertain Death {elec, rF+ rC+ Int+4 Dex+2}
              (14 damage)
             ... on level 2 of the Dungeon.
             The game lasted 00:00:32 (1053 turns).

qw the Shooter (Deep Elf Hunter)                    Turns: 1053, Time: 00:00:33

Health: -3/20      AC:  5    Str: 10    XL:     3   Next: 62%
Magic:  5/5        EV: 11    Int: 13    God:
Gold:   99         SH:  0    Dex: 18    Spells: 2/2 levels left

rFire   . . .        Y - +0 shortbow
rCold   . . .        (shield currently unavailable)
rNeg    . . .        g - +0 ring mail
rPois   .            (no helmet)
rElec   .            (no cloak)
rCorr   .            (no gloves)
SInv    .            (no boots)
Will    .....        (no amulet)
Stlth   +            (no ring)
HPRegen 0.23/turn    (no ring)
MPRegen 0.09/turn

%: no passive effects
@: no status effects
A: no striking features
a: no special abilities


You were on level 2 of the Dungeon.
You visited 1 branch of the dungeon, and saw 2 of its levels.

You collected 99 gold pieces.


   Skills:
 - Level 1.5 Fighting
 + Level 7.1 Ranged Weapons
 - Level 2.4 Dodging
 - Level 1.2 Stealth


You had 2 spell levels left.
You didn't know any spells.
Your spell library was empty.

Inventory:

Hand Weapons
 Y - a +0 shortbow (weapon)
Armour
 g - a +0 ring mail (worn)
Scrolls
 a - a scroll of teleportation
 b - 3 scrolls of vulnerability {unknown}
Potions
 d - a potion of heal wounds
 e - a potion of mutation {unknown}

Dungeon Overview and Level Annotations

Branches:
Dungeon (2/15)

Altars:


Message History

You kill the frilled lizard!
You now have 99 gold pieces (gained 12).
You see here a frilled lizard corpse.
A kobold comes into view. It is wielding a +0 short sword.
The kobold shouts!
Enter note:
Enter note: You shoot an arrow.
The arrow hits the kobold.
You kill the kobold!
Things that are here:
a +0 short sword; a kobold corpse
There is an open door here.
A rat comes into view.
Enter note:
Enter note: You shoot an arrow.
The arrow hits the rat!
You kill the rat!
Found a stone staircase leading up.
Enter note:
Enter note:
Enter note:
There is a stone staircase leading up here.
Found a dagger.
Enter note:
Enter note:
Enter note: A kobold comes into view.
It is wielding the +5 quarterstaff of Uncertain Death {elec, rF+ rC+ Int+4 Dex+2}.
Enter note:
Enter note:
Enter note: You shoot an arrow.
The arrow closely misses the kobold.
The kobold shouts!
You shoot an arrow. The arrow hits the kobold.
The kobold is moderately wounded.
You shoot an arrow. The arrow closely misses the kobold.
You shoot an arrow. The arrow barely misses the kobold.
The kobold hits you with the +5 quarterstaff of Uncertain Death {elec, rF+ rC+ Int+4 Dex+2}!
You are electrocuted!
Ouch! That really hurt!
You die...

#..######.....####
#.......'........>
......#.##........#
.#.......######..['
#.......## #...#
#..#.#...# ###.... #
#....#.#.# #......
#.##.###.#.##.......
#..@K....<.##.....#.
####.###..###.....^.
#...)..#.......###..
#....#.#............
########.............#
..................###
##########.....##.#
+.....##.# #.....##.#


You could see a kobold.

Vanquished Creatures
  2 adders (D:2)
  2 dart slugs (D:1)
  2 endoplasms (D:2)
  2 giant cockroaches
  5 hobgoblins
  3 jackals (D:2)
  4 ball pythons (D:1)
  3 bats
  A frilled lizard (D:2)
  4 kobolds
  3 rats
31 creatures vanquished.

Notes
Turn   | Place    | Note
-------+----------+-------------------------------------------
     0 | D:1      | qw the Deep Elf Hunter began the quest for the Orb.
     0 | D:1      | Reached XP level 1. HP: 12/12 MP: 3/3
     0 | D:1      | 0 ||| qw: Version: 0.3-a-9-g12657ce
     0 | D:1      | 0 ||| qw: Game counter: 1743
     0 | D:1      | 0 ||| qw: Always use a shield: true
     0 | D:1      | 0 ||| qw: God list: Okawaru
     0 | D:1      | 0 ||| qw: Allow faded altars: false
     0 | D:1      | 0 ||| qw: Do Orc after D:15 true
     0 | D:1      | 0 ||| qw: Do second Lair branch before Depths: true
     0 | D:1      | 0 ||| qw: Lair rune preference: random
     0 | D:1      | 0 ||| qw: Plans: Normal
     0 | D:1      | 0 ||| PLANNING D:1-11
   164 | D:1      | Reached skill level 6 in Ranged Weapons
   164 | D:1      | Reached XP level 2. HP: 16/16 MP: 4/4
   495 | D:1      | 495 ||| UPGRADING to +0 ring mail.
   505 | D:1      | 505 ||| DROPPING +0 leather armour.
   506 | D:1      | 506 ||| READING 2 scrolls labelled PIFAGI PUMACS.
   511 | D:1      | 511 ||| READING scroll labelled UDUXOOTSICW.
   612 | D:1      | 612 ||| READING scroll labelled LEGEIPU BUANE.
   613 | D:1      | 613 ||| DRINKING 2 metallic cyan potions.
   614 | D:1      | 614 ||| DRINKING 2 clear potions.
   719 | D:1      | 719 ||| DROPPING scroll of butterflies.
   720 | D:1      | 720 ||| DROPPING potion of berserk rage.
   810 | D:2      | Reached XP level 3. HP: 17/20 MP: 5/5
   845 | D:2      | Reached skill level 7 in Ranged Weapons
   883 | D:2      | 883 ||| FLEEEEING.
  1049 | D:2      | Identified the +5 quarterstaff of Uncertain Death {elec,
                  | rF+ rC+ Int+4 Dex+2}
  1053 | D:2      | Slain by a kobold

Levels and vault maps discovered:
D:1:      reono_arrival_forest_river, layout_rooms, minmay_misc_feat_columns
D:2:      layout_basic

Skill      XL: |  1  2  3 |
---------------+----------+-----
Ranged Weapons | 6 7 |  7.1
Fighting       | |  1.5
Dodging        | |  2.4
Stealth        | |  1.2

Action                     || total
---------------------------++-------
   Fire: Shortbow          ||   132
    Use: Scroll            ||     3
         Potion            ||     2
 Armour: Leather armour    ||     7
         Ring mail         ||    19
  Dodge: Dodged            ||    66

Table legend:
 A = Non-vault XP
 B = Vault XP
 C = Vault XP percentage of total XP
 D = Non-vault monster count
 E = Vault monster count
 F = Vault count percentage of total count
                 A         B        C        D         E       F
            +---------+---------+-------+---------+---------+-------
      Total |      76 |       0 |   0.0 |      31 |       0 |   0.0
            +---------+---------+-------+---------+---------+-------
        D:1 |      28 |       0 |   0.0 |      16 |       0 |   0.0
        D:2 |      48 |       0 |   0.0 |      15 |       0 |   0.0
            +---------+---------+-------+---------+---------+-------
